 Dungeon Crawl Stone Soup version 0.31-a0-1144-g99969ba1bc (webtiles) character file.

Game seed: 18078870316268646531

5 kae the Vexing (level 1, 0/13 HPs)
             Began as a Demonspawn Enchanter on Dec 6, 2023.
             Slain by a goblin
             ... wielding a +0 club
              (3 damage)
             ... on level 1 of the Dungeon.
             The game lasted 00:00:17 (272 turns).

kae the Vexing (Demonspawn Enchanter)                Turns: 272, Time: 00:00:17

Health: 0/13       AC:  4    Str:  8    XL:     1   Next: 66%
Magic:  3/3        EV: 11    Int: 15    God:
Gold:   21         SH:  0    Dex: 13    Spells: 4/4 levels left

rFire   . . .        a - +1 dagger
rCold   . . .        (no shield)
rNeg    . . .        f - +0 leather armour
rPois   .            g - +1 hat
rElec   .            (no cloak)
rCorr   .            (no gloves)
SInv    .            (no boots)
Will    .....        (no amulet)
Stlth   ++           (no ring)
HPRegen 0.22/turn    (no ring)
MPRegen 0.08/turn

%: no passive effects
@: no status effects
A: no striking features
a: no special abilities


You were on level 1 of the Dungeon.
You visited 1 branch of the dungeon, and saw 1 of its levels.

You collected 21 gold pieces.


   Skills:
 + Level 0.2 Fighting
 * Level 1.1 Short Blades
 - Level 1.7 Dodging
 * Level 2.8 Stealth
 + Level 2.0 Spellcasting
 + Level 3.0 Hexes


You had 4 spell levels left.
You didn't know any spells.
Your spell library contained the following spells:

 Spells                   Type           Power      Damage    Failure   Level
 Ensorcelled Hibernation  Hex/Ice        12%        N/A       26%         2
 Confusing Touch          Hex            10%        N/A       28%         3
 Tukima's Dance           Hex            10%        N/A       28%         3
 Dazzling Flash           Conj/Hex       12%        N/A       45%         3

Inventory:

Hand Weapons
 a - a +1 dagger (weapon)
Armour
 b - a +0 robe
 f - a +0 leather armour (worn)
   (You found it on level 1 of the Dungeon)
 g - a +1 hat (worn)
   (You found it on level 1 of the Dungeon)
Potions
 c - 2 potions of invisibility
 d - a potion of attraction {unknown}
 e - a potion of cancellation {unknown}

Dungeon Overview and Level Annotations

Branches:
Dungeon (1/15) Zot: 5727

Altars:

#..# #.##########.# ....♣
....#..####.#....†.....#
..........#..#.##.#.##########
....♣.....#..#..#.#.#
..........#..#..#.#.#
....♣.....#..#..#.#.#
..........#.....#.#.#
....♣.....#..#.##.#.#
..........#..#gg@.#.#
'''#......#...#####.#
...###....#...'.[...#
.....#....#.).#######
.....#....#...#
.....#....#...#
.....#....##'## .<...#....##.#
.....###..##.#


You could see a hobgoblin and a goblin.


Message History

The ball python constricts you.
You hit the ball python. The ball python bites you.
The ball python constricts you. 😕 HP[-2]
You take 2 damage, and now have 11/13 hp.
You closely miss the ball python. The ball python barely misses you.
The ball python constricts you.
You barely miss the ball python. The ball python bites you.
The ball python constricts you.
You closely miss the ball python. The ball python misses you.
The ball python constricts you. The ball python bites you.
The ball python constricts you.
You are too injured to fight recklessly! 😮 HP[-3]
You take 3 damage, and now have 8/13 hp.
MASSIVE DAMAGE!! (PAUSE)
You are too injured to fight recklessly!
You are too injured to fight recklessly!
You hit the ball python.
You kill the ball python!
Your Short Blades skill increases to level 1!
Unknown command.
You see here a ball python corpse. 😮 HP[+1]
You see here a +0 leather armour.
f - a +0 leather armour Search for what [? for help]? hat You see here a +1 hat. 😎 HP[+4]
Your hp is fully restored (13).
g - a +1 hat You start putting on your armour.
You continue putting on your +1 hat. x4
You finish putting on your +1 hat.
You start removing your armour.
You continue taking off your +0 robe. x4
You finish taking off your +0 robe.
You start putting on your armour.
You continue putting on your +0 leather armour. x5
You finish putting on your +0 leather armour.
You don't know any spells.
Unknown command.
You don't know any spells.
Unknown command.
Okay, then.
You see here a ball python corpse.
You see here a +0 ring mail.
There is an open door here.
An endoplasm and a goblin come into view.
Found a stone staircase leading down.
There are monsters nearby!
A quokka comes into view.
The endoplasm quivers.
There are monsters nearby!
A hobgoblin comes into view.
You barely miss the goblin.
The hobgoblin shouts!
The goblin barely misses you.
There are monsters nearby!
You completely miss the goblin. The goblin closely misses you.
The endoplasm freezes you.
You are frozen.
You are too injured to fight recklessly! 😮 HP[-4]
You take 4 damage, and now have 9/13 hp.
MASSIVE DAMAGE!! (PAUSE)
You aren't carrying any scrolls.
Unknown command.
The goblin attacks as it pursues you! The goblin hits you but does no damage.
The quokka attacks as it pursues you! The quokka barely misses you.
The goblin attacks as it pursues you!
The goblin hits you with a +0 club. 😮 HP[-2]
You take 2 damage, and now have 7/13 hp.
The goblin attacks as it pursues you! The goblin closely misses you.
The quokka attacks as it pursues you! The quokka misses you.
Unknown command.
The quokka bites you but does no damage. 😮 HP[+1]
The quokka attacks as it pursues you! The quokka barely misses you.
The quokka twitches its whiskers.
The quokka attacks as it pursues you! The quokka barely misses you.
The quokka bites you.
* * * LOW HITPOINT WARNING * * *
😨 HP[-4]
You take 4 damage, and now have 4/13 hp.
MASSIVE DAMAGE!! (PAUSE)
The quokka attacks as it pursues you! The quokka barely misses you. 😨 HP[+1]
You hit the quokka. The quokka closely misses you.
You hit the quokka.
You kill the quokka!
You barely miss the endoplasm. The endoplasm closely misses you.
You hit the endoplasm. The endoplasm barely misses you.
You hit the endoplasm.
You kill the endoplasm! 😨 HP[+1]
You barely miss the goblin. The goblin closely misses you.
You closely miss the goblin. The goblin hits you but does no damage.
You hit the goblin. The goblin hits you with a +0 club.
* * * LOW HITPOINT WARNING * * *
You closely miss the goblin. The goblin hits you with a +0 club.
You die...

Skill      XL: |  1 |
---------------+----+-----
Short Blades   | 1 |  1.1
Fighting       | |  0.2
Dodging        | |  1.7
Stealth        | |  2.8
Spellcasting   | |  2.0
Hexes          | |  3.0

Action                     || total
---------------------------++-------
  Melee: Dagger            ||    23
 Armour: Leather armour    ||     7
         Robe              ||     4
  Dodge: Dodged            ||    18

Levels and vault maps discovered:
D:1:      wander_arrival_estate, layout_basic, serial_glass, glass_columns_a,
          glass_columns_b

Notes
Turn   | Place    | Note
-------+----------+-------------------------------------------
     0 | D:1      | kae the Demonspawn Enchanter began the quest for the Orb.
     0 | D:1      | Reached XP level 1. HP: 13/13 MP: 3/3
     0 | D:1      | magus.rc [v1.11.3]
   154 | D:1      | Reached skill level 1 in Short Blades
   271 | D:1      | HP: 3/13 [goblin/+0 club (3)]
   272 | D:1      | Slain by a goblin

Vanquished Creatures
  An endoplasm (D:1)
  A goblin (D:1)
  A quokka (D:1)
  A ball python (D:1)
  A rat (D:1)
5 creatures vanquished.

Table legend:
 A = Non-vault XP
 B = Vault XP
 C = Vault XP percentage of total XP
 D = Non-vault monster count
 E = Vault monster count
 F = Vault count percentage of total count
                 A         B        C        D         E       F
            +---------+---------+-------+---------+---------+-------
      Total |       8 |       0 |   0.0 |       5 |       0 |   0.0
            +---------+---------+-------+---------+---------+-------
        D:1 |       8 |       0 |   0.0 |       5 |       0 |   0.0
            +---------+---------+-------+---------+---------+-------

Skill      XL: |  1 |
---------------+----+-----
Short Blades   | 1 |  1.1
Fighting       | |  0.2
Dodging        | |  1.7
Stealth        | |  2.8
Spellcasting   | |  2.0
Hexes          | |  3.0

Action                     || total
---------------------------++-------
  Melee: Dagger            ||    23
 Armour: Leather armour    ||     7
         Robe              ||     4
  Dodge: Dodged            ||    18

Illustrated notes

Table legend:
 A = Kills in this place as a percentage of kills in the entire game.
 B = Kills by you in this place as a percentage of kills by you in the entire game.
 C = Kills by friends in this place as a percentage of kills by friends in the entire game.
 D = Other kills in this place as a percentage of other kills in the entire game.
 E = Experience gained in this place as a percentage of experience gained in the entire game.
 F = Experience gained in this place divided by the number of levels of this place that you have seen.
                   A       B       C       D       E      F
               +-------+-------+-------+-------+-------+----------------------
         Total | 100.0 | 100.0 |   N/A |   N/A | 100.0 |   8.0
       Dungeon | 100.0 | 100.0 |   N/A |   N/A | 100.0 |   8.0
               +-------+-------+-------+-------+-------+----------------------

Table legend: (Time is in decaauts)
 A = Elapsed time spent in this place.
 B = Non-inter-level travel time spent in this place.
 C = Inter-level travel time spent in this place.
 D = Time resting spent in this place.
 E = Time spent auto-exploring this place.
 F = Levels seen in this place.
 G = Mean time per level.
                   A        B        C        D        E       F      G
               +--------+--------+--------+--------+--------+-----+--------+
         Total |    271 |    249 |     22 |      0 |    178 |   1 |  271.0 |
       Dungeon |    271 |    249 |     22 |      0 |    178 |   1 |  271.0 |
               +--------+--------+--------+--------+--------+-----+--------+

Top non-repeatable levels by time:
     D:1: 271 daAuts
